 Dungeon Crawl Stone Soup version 0.16.1-51-g6203257 (webtiles) character file.

288 kae the Firebug (level 6, 0/32 HPs)
             Began as a Tengu Fire Elementalist on July 3, 2015.
             Slain by an orc (3 damage)
             ... on level 4 of the Dungeon.
             The game lasted 00:03:48 (4031 turns).

kae the Firebug (Tengu Fire Elementalist)           Turns: 4031, Time: 00:03:48

Health: 0/32       AC:  2    Str:  8    XL:     6   Next: 31%
Magic:  14/14      EV: 12    Int: 18    God:
Gold:   173        SH:  0    Dex: 14    Spells: 4 memorised, 1 level left

rFire  . . .     SeeInvis .     g - +0 spear
rCold  . . .     Clarity  .     a - +0 robe
rNeg   . . .     SustAb   .     (no shield)
rPois  .         Gourm    .     (helmet restricted)
rElec  .         Spirit   .     (no cloak)
rCorr  .         Warding  .     (no gloves)
rMut   .         Stasis   .     (boots unavailable)
MR     .....                    (no amulet)
Stlth  ++........               (no ring)
                                (no ring)

@: not resistant to hostile enchantments, unstealthy
A: able to fly, beak, talons 3
a: Fly


You were on level 4 of the Dungeon.
You were near starving.

You visited 1 branch of the dungeon, and saw 4 of its levels.

You collected 173 gold pieces.

Inventory:

Hand weapons
 g - a +0 spear (weapon)
 p - a +1 dagger of venom
Armour
 a - a +0 robe (worn)
Jewellery
 j - an uncursed ring of protection from cold {unknown}
 t - an uncursed amulet of resist corrosion {unknown}
Magical devices
 s - a wand of slowing (33)
Scrolls
 d - a scroll of enchant weapon {unknown}
 e - a scroll of teleportation {unknown}
 f - 3 scrolls of remove curse {unknown}
 i - 5 scrolls of identify {unknown}
 k - a scroll of random uselessness {unknown}
 l - a scroll of fear {unknown}
 n - a scroll of recharging {unknown}
 o - 2 scrolls of magic mapping {unknown}
Potions
 q - a potion of restore abilities {unknown}
 u - a potion of cure mutation {unknown}
Books
 b - a book of Flames

   Spells                             Type                      Level
   a - Flame Tongue                   Conjuration/Fire             1
   b - Throw Flame                    Conjuration/Fire             2
   c - Conjure Flame                  Conjuration/Fire             3
   d - Inner Flame                    Hexes/Fire                   3
   e - Sticky Flame                   Conjuration/Fire             4
   f - Fireball                       Conjuration/Fire             5
Comestibles
 c - 2 bread rations
 h - a meat ration
 m - 2 royal jellies
 r - 3 fruits


   Skills:
 - Level 2.1 Dodging
 - Level 2.0 Stealth
 + Level 3.0 Spellcasting
 * Level 5.3 Conjurations
 * Level 5.4 Fire Magic


You had one spell level left.
You knew the following spells:

 Your Spells              Type           Power        Failure   Level  Hunger
a - Flame Tongue          Conj/Fire      ###..        1%          1    None
b - Throw Flame           Conj/Fire      ###...       2%          2    ##.....
c - Conjure Flame         Conj/Fire      ###.....     6%          3    ###....
d - Sticky Flame          Conj/Fire      ###.....     21%         4    ####...


Dungeon Overview and Level Annotations

Branches:
Dungeon (4/15)
 Temple: D:4-7

Altars:
Cheibriados
Gozag
Nemelex Xobeh


Innate Abilities, Weirdness & Mutations

You can fly.
You have a beak for a mouth.
You have claws for feet.


Message History

The orc priest mumbles some strange prayers to Beogh against you.
Something smites you!
* * * LOW HITPOINT WARNING * * *
Unknown command.
Drink which item? (? for menu, Esc to quit)
You feel much better. The orc hits you.
The orc wizard gestures wildly while chanting.
The orc wizard blinks!
The orc priest mumbles some strange prayers to Beogh against you.
Something smites you!
There is an open door here.
The orc priest calls down the wrath of Beogh upon you.
Something smites you!
* * * LOW HITPOINT WARNING * * *
The orc priest looks braver.
Your magical contamination has completely faded away.
There is an open door here.
There is a stone staircase leading up here.
The orc hits you.
You die...

.......# ##
........# ...
.........########
#... ...........
.....# #...
...........# #....#
#... )..........#
#....# #...
...........# #....#
#... #...........#
#....###...
#+####.@o..#
#....o.....
###....###..........
#........'..........
#.####.###........#.
#......# #........'.
##########........##
.................#
########.........#
#.........#


You could see an orc.

Vanquished Creatures
  The ghost of kae the Firebug, an average TeFE of Vehumet (D:3)
  A scorpion (D:4)
  A jelly (D:3)
  A gnoll (D:3)
  3 adders
  2 worms (D:2)
  An adder skeleton (D:4)
  A giant gecko (D:4)
  An ooze (D:3)
  An orc (D:4)
  A giant cockroach (D:2)
  11 hobgoblins
  2 jackals (D:1)
  A ball python (D:2)
  6 bats
  A giant gecko skeleton (D:4)
  6 giant newts
  6 goblins
  7 kobolds
  11 rats
65 creatures vanquished.

Notes
Turn   | Place    | Note
--------------------------------------------------------------
     0 | D:1      | kae, the Tengu Fire Elementalist, began the quest for the Orb.
     0 | D:1      | Reached XP level 1. HP: 10/10 MP: 3/3
   458 | D:1      | Reached XP level 2. HP: 12/15 MP: 5/5
  1450 | D:2      | Reached XP level 3. HP: 12/19 MP: 7/7
  1873 | D:2      | Found a sparkling altar of Nemelex Xobeh.
  1874 | D:2      | Found an opulent altar of Gozag.
  2193 | D:2      | Reached skill level 4 in Fire Magic
  2497 | D:3      | Learned a level 2 spell: Throw Flame
  2501 | D:3      | Learned a level 3 spell: Conjure Flame
  2545 | D:3      | Reached XP level 4. HP: 20/24 MP: 9/9
  3175 | D:3      | Noticed kae's ghost (average TeFE)
  3182 | D:3      | Killed kae's ghost
  3182 | D:3      | Reached skill level 5 in Fire Magic
  3182 | D:3      | Reached XP level 5. HP: 18/28 MP: 0/12
  3321 | D:3      | Found a snail-covered altar of Cheibriados.
  3329 | D:3      | Reached XP level 6. HP: 19/32 MP: 3/13
  3715 | D:4      | Reached skill level 5 in Conjurations
  3830 | D:4      | Learned a level 4 spell: Sticky Flame
  4031 | D:4      | Slain by an orc

Action                   |  1- 3 |  4- 6 || total
-------------------------+-------+-------++-------
Melee: Spear             |    96 |    52 ||   148
 Cast: Flame Tongue      |    39 |    26 ||    65
       Conjure Flame     |       |     3 ||     3
       Throw Flame       |       |     1 ||     1
  Use: Potion            |     2 |     1 ||     3
 Stab: Sleeping          |     5 |     2 ||     7
       Distracted        |     1 |       ||     1
  Eat: Chunk             |     5 |     4 ||     9
